 Dungeon Crawl Stone Soup version 0.28.0-53-g5a82cb258f (webtiles) character file.

Game seed: 16426451073678397596

192 issech the Skirmisher (level 5, -12/48 HPs)
             Began as a Minotaur Monk on June 1, 2022.
             Mangled by Blork the orc
             ... wielding a +0 battleaxe
              (13 damage)
             ... on level 4 of the Dungeon.
             The game lasted 00:07:05 (3077 turns).

issech the Skirmisher (Minotaur Monk)               Turns: 3077, Time: 00:07:06

Health: -12/48     AC:  8    Str: 15    XL:     5   Next: 42%
Magic:  0/4        EV: 10    Int:  7    God:
Gold:   185        SH:  0    Dex: 15    Spells: 4/4 levels left

rFire   + + .      SeeInvis .   m - +2 dagger (venom)
rCold   x . .      Faith    .   (no shield)
rNeg    . . .      Spirit   +   r - +0 fire dragon scales
rPois   .          Reflect  .   (helmet restricted)
rElec   .          Harm     .   (no cloak)
rCorr   .          Rampage  .   (no gloves)
Will    .....                   (no boots)
Stlth   ..........              w - amulet of guardian spirit
HPRegen 0.16/turn               (no ring)
MPRegen 0.09/turn               (no ring)

@: no status effects
A: horns 2, retaliatory headbutt
a: no special abilities


You were on level 4 of the Dungeon.
You visited 1 branch of the dungeon, and saw 4 of its levels.

You collected 185 gold pieces.

Inventory:

Hand Weapons
 a - a +0 hand axe
 c - a +0 halberd
 m - a +2 dagger of venom (weapon)
 n - a +2 falchion of electrocution
 y - a +0 hunting sling
Missiles
 b - 16 arrows
 k - 50 stones (quivered)
 p - 17 bolts
 s - 5 curare-tipped darts
Armour
 l - a +0 ring mail
 r - +0 fire dragon scales (worn)
Jewellery
 w - an amulet of guardian spirit (around neck)
Scrolls
 d - 3 scrolls of fear {unknown}
 f - a scroll of blinking {unknown}
 i - a scroll of identify {unknown}
 q - a scroll of vulnerability {unknown}
 t - a scroll of teleportation {unknown}
 v - a scroll of torment {unknown}
 x - a scroll of enchant armour {unknown}
Potions
 g - a potion of flight {unknown}
 h - 2 potions of heal wounds {unknown}
 j - 2 potions of attraction {unknown}
 o - a potion of invisibility {unknown}


   Skills:
 + Level 5.0 Fighting
 + Level 1.9 Short Blades
 + Level 4.7 Axes
 + Level 1.9 Armour
 + Level 4.0 Dodging
 + Level 2.0 Stealth


You had 4 spell levels left.
You didn't know any spells.
Your spell library contained the following spells:

 Spells                   Type           Power      Damage    Failure   Level
 Static Discharge         Conj/Air       0%         N/A       98%         2
 Confusing Touch          Hex            0%         N/A       100%        3
 Lightning Bolt           Conj/Air       0%         1d11      100%        5
 Yara's Violent Unravell  Hex/Tmut       0%         3d3       100%        5
 Enfeeble                 Hex            0%         N/A       100%        7
 Maxwell's Capacitive Co  Air            0%         ∞         100%        8


Dungeon Overview and Level Annotations

Branches:
Dungeon (4/15)
 Temple: D:4-7

Altars:
Qazlal

Annotations:
D:4 Blork the orc


Innate Abilities, Weirdness & Mutations

You have a pair of horns on your head.
You reflexively headbutt those who attack you in melee.


Message History

An ufetubus comes into view.
Blork the orc points at you and mumbles some strange words.
The puff of frost hits you.
You feel a terrible chill!
Things that are here:
a +0 club; an orc corpse Blork the orc gestures wildly while chanting.
Blork the orc seems to speed up.
Blork the orc hits you with a +0 battleaxe!
You hit Blork the orc but do no damage.
Blork the orc is poisoned.
Blork the orc barely misses you.
Blork the orc hits you with a +0 battleaxe!
You hit Blork the orc but do no damage.
Blork the orc looks even sicker.
You headbutt Blork the orc. Your punch misses Blork the orc.
Blork the orc is lightly wounded.
Blork the orc hits you with a +0 battleaxe.
You hit Blork the orc.
Blork the orc looks as sick as possible!
Blork the orc is lightly wounded.
Blork the orc closely misses you.
You hit Blork the orc but do no damage.
Blork the orc looks as sick as possible!
Blork the orc is lightly wounded.
Blork the orc hits you with a +0 battleaxe!
* * * LOW HITPOINT WARNING * * *
Blork the orc casts a spell at you. The puff of flame hits you. You resist.
* * * LOW HITPOINT WARNING * * *
Blork the orc gestures at you while chanting.
The magic dart hits you.
* * * LOW HITPOINT WARNING * * *
You barely miss Blork the orc.
Blork the orc is moderately wounded.
Blork the orc hits you with a +0 battleaxe.
* * * LOW HITPOINT WARNING * * *
You closely miss Blork the orc.
Blork the orc is moderately wounded.
Blork the orc hits you with a +0 battleaxe.
* * * LOW HITPOINT WARNING * * *
Blork the orc hits you with a +0 battleaxe!
You die...

#)# #.#
###########.#
............#
####....#####
#....###
#......#
#...o..#####
#...@..)...#
#....).....#
##.........#
#.........#
######....#
#....# ###
#....# .##..
#....#
##.....
......
.......


You could see Blork the orc (fast, extremely poisoned).

Vanquished Creatures
  Terence (D:2)
  Robin (D:2)
  3 gnolls (D:4)
  6 adders
  A worm (D:2)
  A dart slug (D:4)
  An orc (D:4)
  6 endoplasms
  A giant cockroach (D:3)
  5 hobgoblins
  3 jackals (D:1)
  7 kobolds
  4 quokkas
  2 ball pythons (D:2)
  2 bats
  4 frilled lizards
  16 goblins
  2 rats
66 creatures vanquished.

Notes
Turn   | Place    | Note
-------+----------+-------------------------------------------
     0 | D:1      | issech the Minotaur Monk began the quest for the Orb.
     0 | D:1      | Reached XP level 1. HP: 19/19 MP: 0/0
   517 | D:1      | Reached XP level 2. HP: 25/27 MP: 1/1
   637 | D:1      | Found a faded altar of an unknown god.
   942 | D:2      | Reached skill level 4 in Fighting
  1110 | D:2      | Reached XP level 3. HP: 29/34 MP: 2/2
  1210 | D:2      | Noticed Terence
  1234 | D:2      | Killed Terence
  1363 | D:2      | Reached XP level 4. HP: 41/41 MP: 3/3
  1451 | D:2      | Identified the +1 helmet "Vowkup" {Rampage Will- Slay+4
                  | Stlth+}
  1451 | D:2      | Noticed Robin
  1481 | D:2      | Reached skill level 1 in Armour
  1493 | D:2      | Killed Robin
  2003 | D:3      | Found a stormy altar of Qazlal.
  2187 | D:3      | Reached skill level 1 in Short Blades
  2459 | D:3      | Reached XP level 5. HP: 47/47 MP: 4/4
  2728 | D:4      | Reached skill level 5 in Fighting
  3050 | D:4      | Noticed Blork the orc
  3077 | D:4      | HP: 1/48 [Blork the orc/+0 battleaxe (3)]
  3077 | D:4      | Mangled by Blork the orc

Illustrated notes

Levels and vault maps discovered:
D:1:      mrwooster_arrival_arrow, layout_loops_ring,
          shapermc_ecumenical_altar_notcrosses
D:2:      cheibrodos_helix_gallery, layout_rooms, uniq_terence, uniq_robin
D:3:      layout_loops_corners, mainiacjoe_overflow_brackets,
          minmay_diced_spiral
D:4:      layout_basic, minmay_temple_entry_overgrown, minmay_snake_closets,
          uniq_menkaure, uniq_blork_the_orc

Skill      XL: |  1  2  3  4  5 |
---------------+----------------+-----
Axes           | 4 |  4.7
Fighting       | 4 5 |  5.0
Armour         | 1 |  1.9
Stealth        | 2 |  2.0
Short Blades   | 1 |  1.9
Dodging        | 4 |  4.0

Action                   |  1- 3 |  4- 6 || total
-------------------------+-------+-------++-------
Melee: Hand axe          |    23 |       ||    23
       Headbutt          |    14 |    17 ||    31
       Dagger            |    31 |    85 ||   116
       Punch             |     1 |     1 ||     2
Armor: Robe              |     1 |       ||     1
       Ring mail         |     5 |       ||     5
       Fire dragon scale |       |    34 ||    34
Dodge: Dodged            |    27 |    55 ||    82
